 Dungeon Crawl Stone Soup version 0.31-a0-96-g196d5507e3 (webtiles) character file.

Game seed: 14660035546015713727

426 Ijustatesigmund the Cudgeller (level 6, 0/58 HPs)
             Began as a Gargoyle Gladiator on May 26, 2023.
             Slain by Eustachio
             ... wielding a +0 falchion
              (6 damage)
             ... on level 4 of the Dungeon.
             The game lasted 00:04:52 (2541 turns).

Ijustatesigmund the Cudgeller (Gargoyle Gladiator)  Turns: 2541, Time: 00:04:53

Health: 0/58       AC: 23    Str: 15 (17) XL:     6   Next: 97%
Magic:  6/6        EV:  2    Int:  9 (11) God:
Gold:   114        SH:  0    Dex:  7 (11) Spells: 5/5 levels left

rFire   + . .        a - +1 flail
rCold   + . .        (no shield)
rNeg    + . .        b - melded +0 scale mail
rPois   ∞            c - melded +0 helmet {SInv}
rElec   +            (cloak currently unavailable)
rCorr   +            (gloves currently unavailable)
SInv    .            f - melded +0 pair of boots of the Lute {Contam +Inv rF+ rN+}
Will    .....        (no amulet)
Stlth   +            (no ring)
HPRegen 0.29/turn    (no ring)
MPRegen 0.10/turn

%: no passive effects
@: brilliant, tree-form, resistant, attractive
A: stationary, stasis, torment immunity, boosted hp, sickness immunity, AC +4,
negative energy resistance 1, (electricity resistance), torment resistance 1,
petrification resistance
a: no special abilities


You were on level 4 of the Dungeon.
You were a tree.
You visited 1 branch of the dungeon, and saw 4 of its levels.

You collected 114 gold pieces.

Inventory:

Hand Weapons
 a - a +1 flail (weapon)
Armour
 b - a +0 scale mail (melded)
 c - a +0 helmet of see invisible (melded)
 f - the +0 pair of boots of the Lute (melded) {Contam +Inv rF+ rN+}
   (You acquired it on level 3 of the Dungeon)

   rF:        It protects you from fire.
   rN:        It protects you from negative energy.
   +Inv:      It lets you turn invisible.
   Contam:    It causes magical contamination when unequipped.
Scrolls
 h - 2 scrolls of identify
Potions
 g - a potion of brilliance
 k - a potion of mutation
 l - 2 potions of lignification


   Skills:
 + Level 4.3 Fighting
 + Level 4.5 Maces & Flails
 + Level 3.5 Throwing
 + Level 3.4 Armour
 - Level 2.4 Dodging


You had 5 spell levels left.
You didn't know any spells.
Your spell library contained the following spells:

 Spells                   Type           Power      Damage    Failure   Level
 Apportation              Tloc           0%         N/A       38%         1
 Shock                    Conj/Air       0%         1d3       38%         1
 Static Discharge         Conj/Air       0%         2-2/arc   52%         2
 Swiftness                Air            0%         N/A       77%         3
 Airstrike                Air            0%         2d(0-16)  99%         4
 Summon Lightning Spire   Summ/Air       0%         N/A       99%         4
 Alistair's Intoxication  Tmut/Pois      0%         N/A       100%        5
 Borgnjor's Vile Clutch   Necr/Erth      0%         N/A       100%        5
 Eringya's Noxious Bog    Tmut/Pois      0%         N/A       100%        6


Dungeon Overview and Level Annotations

Branches:
Dungeon (4/15)
 Temple: D:4-7

Altars:
Nemelex Xobeh
Yredelemnul

Annotations:
D:4 1 transporter, Eustachio


Innate Abilities, Weirdness & Mutations

You are a tree.
Your roots penetrate the ground, keeping you stationary.
You cannot be teleported.
You are immune to unholy pain and torment.
Your maximum health is greatly increased.
Your equipment is partially melded.
You are immune to sickness and miasma.
((Your stone body is resilient. (AC +4)))
You are immune to poison.
You resist negative energy. (rN+)
((You are resistant to electric shocks. (rElec)))
You are resistant to unholy torment.
You are immune to petrification.


Message History

The quasit closely misses you. The quasit barely misses you.
The quasit closely misses you. The rat is attracted toward you.
Eustachio is attracted toward you.
It was a potion of brilliance.
You feel clever all of a sudden. The iron imp hits you.
* * * LOW HITPOINT WARNING * * *
The quasit bites you but does no damage.
The quasit barely misses you. x2; The rat is attracted toward you.
Eustachio is attracted toward you.
It was a potion of degeneration.
There was something very wrong with that liquid.
You feel weakened.
You feel dopey.
You feel clumsy.
The quasit bites you but does no damage.
The quasit claws you but does no damage. x2
The iron imp barely misses you. The rat bites you but does no damage.
Really quaff the potion of lignification?
You turn into a tree.
Your +0 helmet of see invisible melds into your body.
The +0 pair of boots of the Lute {Contam +Inv rF+ rN+} melds into your body.
Your +0 scale mail melds into your body.
You feel less perceptive.
Your roots penetrate the ground.
The quasit bites you but does no damage.
The quasit claws you but does no damage. x2
Eustachio twirls his moustache.
The iron imp hits you but does no damage.
The quasit bites you.
* * * LOW HITPOINT WARNING * * *
You feel clumsy. The quasit claws you.
* * * LOW HITPOINT WARNING * * *
You feel clumsy. The quasit claws you.
* * * LOW HITPOINT WARNING * * *
The rat bites you but does no damage.
You hit Eustachio but do no damage.
Eustachio is moderately wounded.
The quasit disappears in a puff of smoke!
Eustachio hits you with a +0 falchion.
You die...

#.. ... ####... #..
#...# ###. #.. #...#
#.. #..## #...## ##..
#(..###..°.######...
#(..##°...........(.
#.......°.°........#
#..5§.§.°...)......#
#..♣r.......).......
#°..@.°....##.......
#°...$###.#######....
#...°## #+# ##...
#.##### #... #.# #...
#.# ..# .# .#


You could see Eustachio, an iron imp (summoned) and a rat (summoned).

Vanquished Creatures
  Sigmund (D:3)
  A vampire bat (D:3)
  Jessica (D:2)
  An iguana (D:3)
  4 gnolls (D:4)
  3 adders
  A worm (D:4)
  An orc (D:4)
  2 spectral bats (D:3)
  13 bats
  3 bat skeletons (D:3)
  A bat zombie (D:3)
  3 endoplasms
  3 fire bats (D:3)
  A giant cockroach (D:1)
  5 hobgoblins
  3 jackals (D:1)
  2 ball pythons
  A bat simulacrum (D:3)
  2 frilled lizards
  6 goblins
  2 kobolds (D:1)
  4 rats
64 creatures vanquished.

Notes
Turn   | Place    | Note
-------+----------+-------------------------------------------
     0 | D:1      | Ijustatesigmund the Gargoyle Gladiator began the quest for
                  | the Orb.
     0 | D:1      | Reached XP level 1. HP: 12/12 MP: 1/1
   157 | D:1      | Reached XP level 2. HP: 18/18 MP: 2/2
   345 | D:1      | Reached skill level 1 in Armour
   551 | D:1      | Found a faded altar of an unknown god.
   633 | D:2      | Reached XP level 3. HP: 21/22 MP: 3/3
   726 | D:2      | Noticed Jessica
   736 | D:2      | Killed Jessica
   791 | D:2      | Reached XP level 4. HP: 28/28 MP: 4/4
  1554 | D:3      | Identified a scroll of acquirement
  1554 | D:3      | Acquired the +0 pair of boots of the Lute {Contam +Inv rF+
                  | rN+}
  1621 | D:3      | Found a sparkling altar of Nemelex Xobeh.
  1640 | D:3      | Noticed Sigmund
  1651 | D:3      | Killed Sigmund
  1652 | D:3      | Reached XP level 5. HP: 33/33 MP: 5/5
  1652 | D:3      | Reached XP level 6. HP: 38/38 MP: 6/6
  1736 | D:3      | Found a basalt altar of Yredelemnul.
  2136 | D:4      | Found a transporter.
  2506 | D:4      | Noticed Eustachio
  2541 | D:4      | Slain by Eustachio

Illustrated notes

Levels and vault maps discovered:
D:1:      wheals_arrival_shading, layout_rooms,
          dilly_ecumenical_altar_fadedgnrine, minmay_misc_feat_nine_boxes,
          minmay_surrounded
D:2:      layout_rooms, uniq_jessica
D:3:      layout_rooms, mainiacjoe_overflow_alcove_4,
          nemelex_spade_bored_becter, goddamned_bats, uniq_sigmund
D:4:      layout_layer_cave, gammafunk_temple_overflow_elements,
          mainiacjoe_overflow_tiny_flanked, gammafunk_ghost_abyssal_escape,
          nicolae_nh_ransacked_shop, uniq_eustachio, uniq_grinder

Skill      XL: |  1  2  3  4  5  6 |
---------------+-------------------+-----
Throwing       | 2 3 |  3.5
Armour         | 1 2 3 |  3.4
Fighting       | 3 4 |  4.3
Maces & Flails | 4 |  4.5
Dodging        | |  2.4

Action                     |  1- 3 |  4- 6 || total
---------------------------+-------+-------++-------
  Melee: Flail             |    80 |   191 ||   271
         Punch             |       |     1 ||     1
  Throw: Throwing net      |       |     3 ||     3
         Javelin           |       |     1 ||     1
    Use: Scroll            |       |    10 ||    10
         Potion            |       |     5 ||     5
 Armour: Scale mail        |    51 |   239 ||   290
         Skin              |       |     5 ||     5
  Dodge: Dodged            |    50 |   207 ||   257

Table legend: (Time is in decaauts)
 A = Elapsed time spent in this place.
 B = Non-inter-level travel time spent in this place.
 C = Inter-level travel time spent in this place.
 D = Time resting spent in this place.
 E = Time spent auto-exploring this place.
 F = Levels seen in this place.
 G = Mean time per level.
                   A        B        C        D        E       F      G
               +--------+--------+--------+--------+--------+-----+--------+
         Total |   2596 |   2544 |     52 |    568 |   1402 |   4 |  649.0 |
       Dungeon |   2596 |   2544 |     52 |    568 |   1402 |   4 |  649.0 |
               +--------+--------+--------+--------+--------+-----+--------+

Top non-repeatable levels by time:
     D:3: 1020 daAuts
     D:1: 599 daAuts
     D:2: 564 daAuts
     D:4: 412 daAuts
